 Dungeon Crawl Stone Soup version 0.27.0-1-g7a089689b8 (webtiles) character file.

Game seed: 14262827604764215954

31 SkeletonJelly the Slasher (level 3, -3/27 HPs)
             Began as a Minotaur Gladiator on Aug 4, 2021.
             Was a Believer of Hepliaklqana.
             Slain by Sigmund (12 damage)
             ... on level 2 of the Dungeon.
             The game lasted 00:01:44 (608 turns).

SkeletonJelly the Slasher (Minotaur Gladiator)       Turns: 608, Time: 00:01:44

Health: -3/27      AC:  3    Str: 18    XL:     3   Next: 7%
Magic:  2/2        EV: 12    Int: 11    God:    Hepliaklqana [**....]
Gold:   80         SH:  0    Dex: 12    Spells: 2/2 levels left

rFire    . . .     SeeInvis .   a - +0 long sword
rCold    . . .     Faith    .   (no shield)
rNeg     . . .     Spirit   .   b - +0 leather armour
rPois    .         Reflect  .   c - +0 hat
rElec    .         Harm     .   (no cloak)
rCorr    .         Rampage  .   (no gloves)
Will     .....                  (no boots)
Stlth    +.........             h - amulet of the acrobat
HPRegen  0.09/turn              f - +6 ring of intelligence
MPRegen  0.08/turn              (no ring)

@: confused
A: reduced essence, horns 2, retaliatory headbutt
a: Renounce Religion, Recall Ancestor, Ancestor Identity


You were on level 2 of the Dungeon.
You worshipped Hepliaklqana.
Hepliaklqana was pleased with you.
You visited 1 branch of the dungeon, and saw 2 of its levels.

You collected 80 gold pieces.

Inventory:

Hand Weapons
 a - a +0 long sword (weapon)
Missiles
 d - 3 throwing nets
 g - 10 poisoned darts (quivered)
Armour
 b - a +0 leather armour (worn)
 c - a +0 hat (worn)
Jewellery
 e - an amulet of regeneration
 f - a +6 ring of intelligence (left hand)
 h - an amulet of the acrobat (around neck)
Scrolls
 j - a scroll of amnesia {unknown}
 l - a scroll of immolation {unknown}
 o - a scroll of fear {unknown}
Potions
 i - a potion of flight {unknown}
 k - a potion of curing {unknown}
 m - a potion of cancellation {unknown}
 n - a potion of brilliance {unknown}


   Skills:
 - Level 2.4 Fighting
 + Level 5.1 Long Blades
 - Level 2.0 Throwing
 - Level 3.2 Dodging


You had 2 spell levels left.
You didn't know any spells.
Your spell library was empty.

Dungeon Overview and Level Annotations

Branches:
Dungeon (2/15)

Altars:
Hepliaklqana

Annotations:
D:2 Sigmund


Innate Abilities, Weirdness & Mutations

Your life essence is reduced to manifest your ancestor. (-10% HP)
You have a pair of horns on your head.
You reflexively headbutt those who attack you in melee.


Message History

There is a stone staircase leading up here.
You swap places.
You open the door.
There is an open door here.
Key pressed, stopping explore.
You swap places.
Found a spear.
Found a stone staircase leading down.
Found a stone staircase leading down.
Found 24 sling bullets.
You swap places.
Found a hand axe.
No target in view!
No target in view!
No target in view!
No target in view!
Found 13 stones.
o - a scroll labelled KISHRI ZOWEGOTT You see here a +0 hand axe.
A hobgoblin comes into view.
The hobgoblin shouts!
A hobgoblin is nearby!
A hobgoblin is nearby!
A kobold comes into view. It is wielding a +0 short sword.
You barely miss the hobgoblin.
The kobold shouts!
The hobgoblin misses you. x2; You furiously retaliate!
You headbutt the hobgoblin.
You riposte.
You barely miss the hobgoblin. You headbutt the hobgoblin.
You kill the hobgoblin!
You have reached level 3!
Your experience leads to an increase in your attributes!
Your base attributes are Str 18, Int 5, Dex 11.
Increase (S)trength, (I)ntelligence, or (D)exterity?
You feel agile.
Bozidara remembers more of their old skill.
The kobold throws a stone.
The stone completely misses you.
The stone hits Bozidara but does no damage.
Found a ring mail.
You see here a hobgoblin corpse.
You slash the kobold!
You kill the kobold!
No target in view!
No target in view!
No target in view!
No target in view!
No target in view!
No target in view!
Found a stone staircase leading down.
Things that are here:
a +0 short sword; 4 stones; a kobold corpse An endoplasm comes into view.
The endoplasm quivers.
An endoplasm is nearby!
An endoplasm is nearby!
An endoplasm is nearby!
An endoplasm is nearby!
The endoplasm completely misses you.
You hit the endoplasm. Your headbutt misses the endoplasm.
The endoplasm is lightly wounded.
The endoplasm barely misses you.
You hit the endoplasm. You headbutt the endoplasm.
You kill the endoplasm!
No target in view!
No target in view!
No target in view!
No target in view!
You swap places.
Found a stone staircase leading up.
There is a stone staircase leading down here.
You open the door.
There is an open door here.
Sigmund the Dreaded comes into view.
He is wielding a +4 scythe of protection.
Sigmund shouts!
Sigmund laughs darkly.
Sigmund is nearby!
Sigmund is nearby!
Sigmund is nearby!
Sigmund points at you and mumbles some strange words.
The magic dart hits you.
You closely miss Sigmund. You headbutt Sigmund, but do no damage.
Sigmund casts a spell at you.
You are confused.
You're too confused to move!
Sigmund points at you and mumbles some strange words.
You are more confused.
Unknown command.
You are too confused!
You hit Sigmund but do no damage. You headbutt Sigmund, but do no damage.
Sigmund misses you.
You're too confused to move!
Sigmund misses you.
You're too confused to move!
Sigmund hits you with a +4 scythe of protection.
You're too confused to move!
Sigmund mumbles some strange words.
Sigmund flickers and vanishes!
Deactivating autopickup; reactivate with Ctrl-A.
You bump into the rock wall.
Something hits you!
Your leather armour prevents you from hitting something.
Something hits you!
You die...

#.#######
#######>#.#.#.##
#..............#
#.....#.#.#.#.####
#.................
#####.#.#.#.#.####
#...'........)..†.
#R###.#.#[#.#.#.##
#@# ##..........#
#{# ##.#.#.#.###
#.# ######### #.#
####### #.#
#.....# #.#
###.....# ...
........## #.#
#####+##..
.........


You could see the friendly Bozidara the knight.

Vanquished Creatures
  A dart slug (D:1)
  5 endoplasms
  2 goblins (D:1)
  2 hobgoblins
  4 jackals (D:1)
  A ball python (D:1)
  A bat (D:1)
  A frilled lizard (D:1)
  4 kobolds
  A spectral hobgoblin (D:1)
22 creatures vanquished.

Vanquished Creatures (collateral kills)
  A ball python (D:1)
  A goblin (D:1)
  A hobgoblin (D:1)
3 creatures vanquished.

Grand Total: 25 creatures vanquished

Notes
Turn   | Place    | Note
-------+----------+-------------------------------------------
     0 | D:1      | SkeletonJelly the Minotaur Gladiator began the quest for
                  | the Orb.
     0 | D:1      | Reached XP level 1. HP: 18/18 MP: 0/0
    78 | D:1      | Reached skill level 4 in Long Blades
   113 | D:1      | Reached XP level 2. HP: 15/25 MP: 1/1
   147 | D:1      | Found a faded altar of an unknown god.
   159 | D:1      | Became a worshipper of Hepliaklqana the Forgotten
   159 | D:1      | Reached * piety under Hepliaklqana
   432 | D:1      | Reached skill level 5 in Long Blades
   450 | D:1      | Reached ** piety under Hepliaklqana
   451 | D:1      | Remembered your ancestor Bozidara as a knight
   574 | D:2      | Reached XP level 3. HP: 27/27 MP: 2/2
   598 | D:2      | Noticed Sigmund
   608 | D:2      | Slain by Sigmund

Illustrated notes

Levels and vault maps discovered:
D:1:      tarquinn_simple_flora_water_d, layout_rooms,
          dreamdust_ecumenical_altar_drowned_temple,
          wander_ebering_terrifying_dragon_lair
D:2:      layout_basic, st_stairs_9, uniq_sigmund

Skill      XL: |  1  2 |
---------------+-------+-----
Long Blades    | 4 5 |  5.1
Fighting       | |  2.4
Throwing       | |  2.0
Dodging        | |  3.2

Action                   || total
-------------------------++-------
Melee: Long sword        ||    40
       Headbutt          ||     7
Invok: Ancestor Life: Kn ||     1
Armor: Leather armour    ||     6
Dodge: Dodged            ||    27
       Rpst.: Long sword ||     5
